AoeStats
← CasquetE

Nomad

509262895Analyzed
4v4 RM · 8d ago on Sep 26, 2026· 101m 14s· 8 players
Game mode
Random Map
Map size
231×231
Population
200
Speed
Normal
Resources
Standard
Victory
Conquest
Starting age
Dark Age
Ending age
Imperial Age
RankedLock teamsTeams togetherTeam positionsShared explorationLock speedFull tech treeHidden civsTurbo modeCheats
Victory
Defeat
🇨🇱 Danes · Chile
1190
+13
🇵🇪 Bulgarians · Peru
1160
+14
🇨🇳 Mongols · China
1139
+15
🇲🇽 Persians · Mexico
1035
+18
🇨🇱 Berbers · Chile
1186
-18
🇦🇷 Koreans · Argentina
1119
-15
🇦🇷 Vietnamese · Argentina
1107
-15
🇦🇷 Spanish · Argentina
1028
-12
火枪
4:42 Loom
15:14 Feudal Age
16:14 Town Watch
22:35 Castle Age
21:03 Fletching
30:23 Bodkin Arrow
33:00 Stone Mining
45:30 Horse Collar
51:03 Double-Bit Axe
61:48 Wheelbarrow
61:14 Heavy Plow
61:06 Gold Mining
61:52 Stone Shaft Mining
61:28 Bow Saw
66:55 Gold Shaft Mining
69:31 Imperial Age
71:05 Ballistics
71:45 Chemistry
71:03 Elite Steppe Lancer
71:54 Bloodlines
71:45 Husbandry
72:03 Bracer
72:17 Forging
72:41 Bracer
73:02 Hand Cart
73:16 Scale Barding Armor
73:48 Iron Casting
73:29 Town Patrol
73:32 Murder Holes
74:20 Chain Barding Armor
75:25 Blast Furnace
76:06 Padded Archer Armor
77:10 Light Cavalry
77:56 Capped Ram
79:58 Leather Archer Armor
80:22 Conscription
84:21 Parthian Tactics
84:02 Thumb Ring
83:42 Siege Ram
84:31 Elite Mangudai
91:23 Drill
91:05 Nomads
91:42 Hoardings
Roxhelll
3:32 Loom
17:05 Feudal Age
17:38 Double-Bit Axe
18:05 Fishing Lines
17:59 Man-at-Arms
18:47 Arson
22:37 Horse Collar
23:59 Bloodlines
25:05 Scale Mail Armor
25:16 Forging
28:34 Castle Age
28:30 Elite Skirmisher
30:25 Scale Barding Armor
30:50 Forging
32:40 Husbandry
34:39 Murder Holes
41:13 Masonry
41:57 Gold Mining
41:59 Stone Mining
45:43 Gillnets
50:43 Imperial Age
49:13 Gold Shaft Mining
49:14 Stone Shaft Mining
52:49 Cavalier
54:16 Conscription
61:48 Town Watch
69:27 Caravan
70:00 Chain Barding Armor
70:16 Iron Casting
71:50 Savar
73:55 Pikeman
74:35 Squires
75:15 Halberdier
76:20 Long Swordsman
76:46 Gambesons
82:36 Scale Mail Armor
87:48 Wheelbarrow
88:54 Guilds
92:25 Hoardings
JP 2
10:43 Loom
13:12 Feudal Age
17:25 Castle Age
15:40 Fletching
15:43 Double-Bit Axe
17:20 Gold Mining
18:15 Bodkin Arrow
24:21 Town Watch
25:12 Wheelbarrow
24:51 Bow Saw
25:59 Town Patrol
30:50 Hand Cart
33:23 Arson
33:39 Squires
33:24 Gambesons
33:42 Scale Mail Armor
33:53 Forging
33:38 Horse Collar
34:34 Gold Shaft Mining
33:50 Stone Mining
38:54 Imperial Age
39:24 Chain Mail Armor
39:44 Iron Casting
39:10 Padded Archer Armor
40:40 Stone Shaft Mining
40:06 Heavy Plow
40:12 Bracer
39:58 Elite Jomsviking
42:29 Chemistry
41:51 Ballistics
42:01 Leather Archer Armor
42:18 Plate Mail Armor
42:49 Blast Furnace
43:04 Ring Archer Armor
44:01 Conscription
43:02 Northmen's Fury
47:04 Elite Skirmisher
47:49 Thumb Ring
47:05 Crossbowman
47:06 Cranequins
47:06 Heavy Mounted Crossbowman
51:38 Scale Barding Armor
52:37 Hamask
54:56 Chain Barding Armor
58:02 Plate Barding Armor
58:33 Bloodlines
58:23 Husbandry
57:45 Light Cavalry
59:27 Guard Tower
59:43 Siege Engineers
78:59 Keep
78:20 Murder Holes
80:29 Arrowslits
80:35 Heated Shot
80:55 Masonry
84:14 Shipwright
84:05 Clinker Construction
84:06 Careening
87:03 Dry Dock
87:03 Carvel Hull
88:21 Hoardings
Theviper
2:54 Loom
12:35 Feudal Age
14:42 Forging
14:43 Arson
VZ | Thyrfing
5:49 Loom
15:09 Feudal Age
26:51 Castle Age
24:50 Gold Mining
24:47 Double-Bit Axe
32:14 Fletching
37:01 Padded Archer Armor
36:57 Bodkin Arrow
43:42 Leather Archer Armor
45:26 Wheelbarrow
50:30 Imperial Age
49:31 Ballistics
58:30 Cavalier
59:20 Bloodlines
59:11 Husbandry
59:35 Forging
59:30 Scale Barding Armor
59:33 Heavy Camel Rider
62:28 Chain Barding Armor
76:26 Plate Barding Armor
76:27 Iron Casting
80:37 Light Cavalry
91:19 Hussar
96:43 Blast Furnace
95:45 Bracer
96:15 Ring Archer Armor
Cuervo
5:15 Loom
15:00 Feudal Age
19:08 Castle Age
20:15 Double-Bit Axe
19:57 Crossbowman
21:18 Horse Collar
24:59 Fletching
27:52 Thumb Ring
27:49 Pikeman
30:01 Wheelbarrow
33:05 Hand Cart
33:57 Bow Saw
35:40 Town Watch
42:01 Imperial Age
40:14 Squires
39:43 Elite Skirmisher
44:06 Chemistry
44:11 Conscription
43:16 Arbalester
46:31 Two-Man Saw
45:25 Gold Mining
49:58 Heavy Rocket Cart
50:51 Bodkin Arrow
51:50 Gold Shaft Mining
52:21 Town Patrol
52:30 Heavy Plow
55:23 Imperial Skirmisher
59:14 Elite Fire Lancer
61:25 Siege Engineers
61:44 Halberdier
71:11 Bracer
71:22 Forging
71:12 Scale Mail Armor
85:20 Iron Casting
85:01 Chain Mail Armor
88:58 Plate Mail Armor
Gitu
5:10 Loom
15:30 Feudal Age
15:51 Horse Collar
15:57 Double-Bit Axe
16:09 Gold Mining
20:21 Fletching
23:30 Castle Age
22:55 Stone Mining
25:26 Stone Shaft Mining
25:03 Bow Saw
25:48 Padded Archer Armor
28:00 Crossbowman
30:54 Bodkin Arrow
31:14 Leather Archer Armor
47:58 Wheelbarrow
48:46 Ballistics
52:34 Hand Cart
55:19 Man-at-Arms
55:59 Squires
56:47 Thumb Ring
64:30 Imperial Age
66:02 Paper Money
66:52 Two-Man Saw
66:12 Arbalester
66:27 Elite Rattan Archer
67:46 Bracer
68:16 Ring Archer Armor
70:29 Sappers
84:06 Pikeman
84:48 Squires
84:51 Scale Mail Armor
85:01 Forging
85:07 Halberdier
86:11 Chain Mail Armor
89:13 Plate Mail Armor
89:18 Iron Casting
CasquetE
3:57 Loom
15:08 Feudal Age
28:54 Castle Age
27:30 Horse Collar
28:48 Fletching
29:31 Stone Mining
32:17 Bodkin Arrow
32:21 Murder Holes
33:16 Squires
46:14 Town Watch
64:29 Imperial Age
67:36 Double-Bit Axe
69:07 Heavy Plow
69:34 Ballistics
70:15 Bow Saw
70:53 Stone Shaft Mining
71:18 Bracer
73:05 Gold Mining
74:58 Wheelbarrow
74:45 Fervor
76:52 Block Printing
77:11 Conscription
78:39 Sanctity
81:33 Redemption
83:21 Supremacy
84:01 Supremacy
86:50 Elite Genitour
88:15 Thumb Ring
94:02 Illumination
94:36 Theocracy
Connection lost

Rejoining the realm…

Still unreachable

The connection could not be restored.

Session expired

The server has moved on; the page needs a fresh start.